 Dungeon Crawl Stone Soup version 0.28.0-43-g3370ac3207 (webtiles) character file.

Game seed: 12058727226576008083

5959 DoubleLucky the Arsonist (level 10, -2/83 HPs)
             Began as a Green Draconian Fire Elementalist on Mar 20, 2022.
             Was a Believer of Vehumet.
             Slain by a skeletal warrior
             ... wielding a +0 mace
             ... led by a death knight
              (17 damage)
             ... on level 10 of the Dungeon.
             The game lasted 01:05:04 (12246 turns).

DoubleLucky the Arsonist (DrFE)                    Turns: 12246, Time: 01:05:05

Health: -2/83      AC:  8    Str: 22    XL:     10   Next: 54%
Magic:  20/20      EV: 11    Int: 21    God:    Vehumet [**....]
Gold:   434        SH:  4    Dex: 11    Spells: 8/23 levels left

rFire   . . .      SeeInvis .   C - +0 dagger (elec)
rCold   . . .      Faith    .   q - +0 buckler
rNeg    . . .      Spirit   .   (armour unavailable)
rPois   +          Reflect  .   (helmet restricted)
rElec   .          Harm     .   (no cloak)
rCorr   .          Rampage  .   (no gloves)
Will    .....                   o - +0 pair of boots
Stlth   ++........              h - amulet of magic regeneration
HPRegen 0.23/turn               d - +6 ring of strength
MPRegen 0.57/turn               u - +6 ring of strength

@: no status effects
A: breathe noxious fumes, AC +7, unfitting armour, poison resistance,
cold-blooded
a: Breathe Noxious Fumes, Renounce Religion


You were on level 10 of the Dungeon.
You worshipped Vehumet.
Vehumet was pleased with you.
You visited 2 branches of the dungeon, and saw 11 of its levels.
You also visited: Sewer.

You collected 546 gold pieces.
You spent 112 gold pieces at shops.

Inventory:

Hand Weapons
 C - a +0 dagger of electrocution (weapon)
Missiles
 l - 36 poisoned darts
 B - 4 curare-tipped darts
Armour
 o - a +0 pair of boots (worn)
 q - a +0 buckler (worn)
Jewellery
 d - a +6 ring of strength (left hand)
 h - an amulet of magic regeneration (around neck)
 u - a +6 ring of strength (right hand)
 v - an amulet of regeneration
Wands
 e - a wand of iceblast (5)
 s - a wand of acid (9)
 y - a wand of mindburst (7)
 G - a wand of digging (3)
Scrolls
 a - a scroll of fog
 b - 3 scrolls of immolation
 f - a scroll of amnesia {unknown}
 i - a scroll of teleportation
 p - a scroll of vulnerability {unknown}
 t - a scroll of enchant armour {unknown}
 x - 2 scrolls of fear
 D - a scroll of holy word {unknown}
 F - a scroll of acquirement {unknown}
Potions
 c - 3 potions of curing
 g - 2 potions of mutation {unknown}
 j - 2 potions of invisibility
 n - 2 potions of haste {unknown}
 r - 3 potions of might
 w - a potion of cancellation {unknown}
 z - 3 potions of brilliance
 A - a potion of heal wounds {unknown}
 E - 2 potions of magic {unknown}
 H - a potion of lignification {unknown}


   Skills:
 + Level 6.1 Fighting
 - Level 1.8 Dodging
 - Level 1.8 Stealth
 - Level 2.0 Shields
 - Level 7.0 Spellcasting
 - Level 5.0 Conjurations
 + Level 9.5 Fire Magic
 + Level 9.1 Poison Magic


You had 8 spell levels left.
You knew the following spells:

 Your Spells              Type           Power      Damage    Failure   Level
a - Foxfire               Conj/Fire      100%       2x1d9     1%          1
b - Scorch                Fire           94%        2d10      1%          2
c - Conjure Flame         Conj/Fire      37%        6-21      1%          3
d - Poisonous Vapours     Pois/Air       52%        N/A       2%          2
e - Olgreb's Toxic Radia  Pois           45%        N/A       2%          4
f - Mephitic Cloud        Conj/Pois/Air  27%        N/A       4%          3

Your spell library contained the following spells:

 Spells                   Type           Power      Damage    Failure   Level
 Sting                    Tmut/Pois      100%       1d8       1%          1
 Inner Flame              Hex/Fire       27%        N/A       4%          3
 Flame Wave               Conj/Fire      37%        2d9       6%          4
 Sandblast                Erth           14%        2d6       12%         1
 Stone Arrow              Conj/Erth      34%        3d9       12%         3
 Corpse Rot               Necr/Air       14%        N/A       17%         2
 Passwall                 Tmut/Erth      5%         N/A       17%         2
 Animate Dead             Necr           3%         N/A       75%         4
 Dispel Undead            Necr           7%         3d8       75%         4
 Borgnjor's Vile Clutch   Necr/Erth      3%         N/A       97%         5
 Death Channel            Necr           3%         N/A       100%        6


Dungeon Overview and Level Annotations

Branches:
Dungeon (10/15)            Temple (1/1) D:6           Sewer (visited)
   Lair: D:8-11         Orc: D:9-12

Altars:
Cheibriados
Dithmenos
Elyvilon
Fedhas
Gozag
Hepliaklqana
Kikubaaqudgha
Nemelex Xobeh
Okawaru
Qazlal
Ru
Sif Muna
Trog
Uskayaw
Vehumet
Wu Jian
Xom
Yredelemnul
Zin

Shops:
D:1 (   D:2 (   D:5 [   D:7 =

Annotations:
D:5 2 transporters, kthxbai's ghost, novice DgTm
D:10 Psyche


Innate Abilities, Weirdness & Mutations

You can breathe blasts of noxious fumes.
Your lurid green scales are hard. (AC +7)
You cannot fit into any form of body armour.
Your system is resistant to poisons. (rPois)
You are cold-blooded and may be slowed by cold attacks.


Message History

There is an open door here.
There is an open door here.
There is an open door here.
There is an open door here.
There is an open door here.
There is an open door here.
You open the door.
There is an open door here.
There is a stone staircase leading down here.
You climb downwards.
The freezing wraith hits you but does no damage.
The freezing wraith hits you! The freezing wraith hits you.
The freezing wraith freezes you!!
The freezing wraith hits you but does no damage.
There is a stone staircase leading up, spattered with blood here.
As you read the scroll of fear, it crumbles to dust.
You assume a fearsome visage.
The death knight resists with some effort.
The freezing wraith is unaffected.
The skeletal warrior is unaffected.
The freezing wraith is unaffected.
The skeletal warrior hits you with a +0 mace!
The freezing wraith misses you. The freezing wraith hits you.
Found a runed rapier and 15 gold pieces.
The skeletal warrior hits you with a +0 mace!!
* * * LOW HITPOINT WARNING * * *
Found 8 gold pieces.
The death knight offers itself to Yredelemnul, and fills with unholy energy.
You see here a potion of curing.
Press: ? - help, v - describe, . - travel
Here: a skeletal warrior, wielding a +0 mace The floor.
Unknown command.
Unknown command.
You feel better.
The death knight's dark mirror aura disappears.
The skeletal warrior hits you with a +0 mace!
* * * LOW HITPOINT WARNING * * *
Psyche the Insane Magess comes into view.
She is wielding a +3 dagger of distortion.
The skeletal warrior hits you with a +0 mace!
You die...

#.#$ ####.##...#
##....$.....## ##
##............### #.
#..............^# #.
#...............# #.
###...............#####.
................!...##..
.......@.........##....<
........z..p....####.<..
@...#...W..W.).## #.....
... ######..#### #......
# #...# ...#....
...#.####.###....
..###.##...###.... ...
#.#.....?<.... ..
.....####.....


You could see a death knight, a skeletal warrior, 2 freezing wraiths and Psyche
(asleep).

Vanquished Creatures
  A phantasmal warrior (D:9)
  Maggie (D:9)
  A kobold demonologist (D:8)
  A hornet (D:8)
  A wyvern (D:9)
  4 yaks (D:8)
  A wraith (D:9)
  2 steam dragons
  Menkaure (D:6)
  3 water moccasins
  An ice beast (D:5)
  3 black bears
  A sky beast (D:5)
  2 necrophages
  2 ogres
  2 centaurs
  8 kobold brigands
  2 bullfrogs
  2 scorpions
  A water moccasin zombie (D:5)
  A water moccasin skeleton (D:5)
  5 killer bees (D:9)
  10 wights
  3 centaur zombies
  A hound (D:6)
  A gnoll shaman (D:7)
  A bullfrog skeleton (D:6)
  3 iguanas
  3 orc wizards
  7 gnolls (D:7)
  15 adders
  3 river rats
  2 shadow imps (D:7)
  4 white imps
  2 ufetubi
  5 worms
  3 dart slugs
  12 orcs
  6 ball pythons
  6 bats
  7 endoplasms
  2 giant cockroaches
  5 goblins
  9 hobgoblins
  9 jackals
  22 kobolds
  5 quokkas
  A frilled lizard (D:1)
  7 rats
200 creatures vanquished.

Vanquished Creatures (others)
  790 foxfires
  7 plants (D:5)
797 creatures vanquished.

Grand Total: 997 creatures vanquished

Notes
Turn   | Place    | Note
-------+----------+-------------------------------------------
     0 | D:1      | DoubleLucky the Draconian Fire Elementalist began the quest
                  | for the Orb.
     0 | D:1      | Reached XP level 1. HP: 14/14 MP: 3/3
    59 | D:1      | Found Zoeduime's Antique Weapon Shoppe.
   317 | D:1      | Reached XP level 2. HP: 20/20 MP: 1/5
  1200 | D:1      | Learned a level 2 spell: Scorch
  1559 | D:2      | Found a sacrificial altar of Ru.
  1567 | D:2      | Reached XP level 3. HP: 25/26 MP: 3/6
  1621 | D:2      | Found Qillunt's Weapon Shop.
  1738 | D:2      | Found a faded altar of an unknown god.
  2261 | D:3      | Reached XP level 4. HP: 33/33 MP: 1/8
  2428 | D:3      | You fall into a shaft and drop 2 floors!
  2428 | D:5      | Entered Level 5 of the Dungeon
  2428 | D:5      | Noticed a black bear
  2440 | D:5      | Killed a black bear
  2441 | D:5      | Reached XP level 5. HP: 30/38 MP: 5/10
  2453 | D:5      | Noticed an ice beast
  2460 | D:5      | Killed an ice beast
  2461 | D:5      | Reached XP level 6. HP: 38/45 MP: 2/11
  2671 | D:5      | Noticed a water moccasin
  2675 | D:5      | Killed a water moccasin
  2676 | D:5      | Reached skill level 5 in Fire Magic
  2687 | D:5      | Learned a level 3 spell: Conjure Flame
  2819 | D:5      | Your scales start taking on a lurid green colour.
  2819 | D:5      | Reached XP level 7. HP: 50/50 MP: 8/13
  2819 | D:5      | Gained mutation: Your system is resistant to poisons.
                  | (rPois) [Green Draconian growth]
  2869 | D:5      | Found Huizimes's Antique Armour Shoppe.
  2873 | D:5      | Bought a pair of boots for 112 gold pieces
  2994 | D:5      | Found a hazy altar of Hepliaklqana.
  4459 | D:4      | Reached skill level 5 in Spellcasting
  4459 | D:4      | Reached skill level 5 in Conjurations
  5060 | D:5      | Noticed kthxbai's ghost (novice DgTm)
  5083 | D:5      | Found a transporter.
  5261 | D:5      | Found a transporter.
  5665 | D:5      | Reached skill level 1 in Fighting
  5665 | D:5      | Reached skill level 1 in Poison Magic
  5666 | D:5      | Reached skill level 1 in Shields
  5666 | D:5      | Reached XP level 8. HP: 59/59 MP: 2/15
  6003 | D:6      | Found a staircase to the Ecumenical Temple.
  6012 | Temple   | Entered the Ecumenical Temple
  6188 | Temple   | Became a worshipper of Vehumet
  6372 | D:6      | Found a glowing drain.
  6406 | Sewer    | Entered a sewer
  7073 | Sewer    | Reached * piety under Vehumet
  7073 | Sewer    | Offered knowledge of Shock by Vehumet.
  7867 | D:6      | Noticed Menkaure
  7880 | D:6      | Killed Menkaure
  7938 | D:6      | Reached XP level 9. HP: 64/64 MP: 13/18
  7942 | D:6      | Reached skill level 5 in Poison Magic
  8752 | D:7      | Found Jiwic's Jewellery Shoppe.
  9980 | D:8      | Offered knowledge of Searing Ray by Vehumet.
  9986 | D:8      | Learned a level 2 spell: Poisonous Vapours
 10110 | D:8      | Reached ** piety under Vehumet
 10135 | D:8      | Reached XP level 10. HP: 79/79 MP: 20/20
 10394 | D:8      | Learned a level 4 spell: Olgreb's Toxic Radiance
 10835 | D:9      | Noticed Maggie
 10849 | D:9      | Killed Maggie
 10850 | D:9      | Reached skill level 5 in Fighting
 11335 | D:9      | Offered knowledge of Mephitic Cloud by Vehumet.
 11340 | D:9      | Learned a level 3 spell: Mephitic Cloud
 11781 | D:10     | Entered Level 10 of the Dungeon
 11784 | D:10     | Noticed a death knight
 11786 | D:10     | Noticed a skeletal warrior
 11786 | D:10     | Noticed a phantasmal warrior
 12044 | D:9      | Killed a phantasmal warrior
 12245 | D:10     | Noticed Psyche
 12246 | D:10     | Slain by a skeletal warrior

Illustrated notes

Levels and vault maps discovered:
D:1:      dpeg_arrival_rhombus, layout_basic, serial_shops,
          nicolae_shop_crystal, minmay_tetromino_i2
D:2:      layout_loops_ring, hellmonk_ecumenical_altar_blasted, serial_shops,
          nicolae_shop_bloodbath_and_beyond, basic_altar,
          grunt_decor_mini_mirrors
D:3:      layout_loops_ring, glass_columns_b
D:4:      layout_basic, hex_large
D:5:      layout_loops_ring, nicolae_hepliaklqana_hazy_memory,
          gammafunk_ghost_stat_death, serial_shops, shop, minivault_4,
          grunt_ministairs_11
D:6:      layout_basic, minmay_temple_entry_ruins, portal_sewer_entry_b,
          grunt_ministairs_11, uniq_menkaure
D:7:      layout_cave_pods, serial_shops, shop, minmay_misc_feat_pillars
D:8:      layout_loops_corners, wad_floor_pattern_untrapped
D:9:      layout_roguey, hangedman_decor_lopped, nicolae_elevator_lobby_plus,
          uniq_maggie
D:10:     layout_rooms, uniq_psyche
Temple:   mainiacjoe_temple_starburst

Skill      XL: |  1  2  3  4  5  6  7  8  9 10 |
---------------+-------------------------------+-----
Conjurations   | 2 3 4 5 |  5.0
Spellcasting   | 3 4 5 6 7 |  7.0
Fire Magic     | 4 5 6 7 8 9 |  9.5
Fighting       | 1 4 6 |  6.1
Poison Magic   | 1 4 7 9 |  9.1
Shields        | 1 2 |  2.0
Dodging        | |  1.8
Stealth        | |  1.8

Action                   |  1- 3 |  4- 6 |  7- 9 | 10-12 || total
-------------------------+-------+-------+-------+-------++-------
Melee: Short sword       |     7 |       |       |       ||     7
       Tailslap          |     4 |       |     7 |       ||    11
       Dagger            |    35 |     1 |    39 |    10 ||    85
       Punch             |     1 |       |       |       ||     1
 Cast: Foxfire           |    75 |    33 |   284 |    89 ||   481
       Scorch            |     1 |     4 |    60 |    26 ||    91
       Conjure Flame     |       |       |    37 |     9 ||    46
       Poisonous Vapours |       |       |     3 |     2 ||     5
       Olgreb's Toxic Ra |       |       |       |     8 ||     8
 Abil: Breathe Noxious F |       |       |     3 |     5 ||     8
  Use: Scroll            |       |     1 |     5 |     5 ||    11
       Potion            |       |       |       |     1 ||     1
 Stab: Sleeping          |     1 |       |     1 |       ||     2
Armor: Skin              |    10 |       |    42 |     8 ||    60
Dodge: Dodged            |    29 |     4 |    54 |    12 ||    99
Block: Buckler           |       |       |    18 |     2 ||    20
